 Dungeon Crawl Stone Soup version 0.21-a0-509-gecc5317 (webtiles) character file.

19 Laiders the Cudgeler (level 2, -1/16 HPs)
             Began as a Vine Stalker Fighter on Nov 30, 2017.
             Slain by a leopard gecko (3 damage)
             ... on level 1 of the Dungeon.
             The game lasted 00:01:01 (399 turns).

Laiders the Cudgeler (Vine Stalker Fighter)          Turns: 399, Time: 00:01:02

Health: -1/16      AC:  6    Str: 18    XL:     2   Next: 75%
Magic:  0/3        EV:  9    Int:  8    God:
Gold:   18         SH:  0    Dex: 13    Spells: 1/1 levels left

rFire    . . .     SeeInvis .   a - +0 flail
rCold    . . .     Gourm    .   (no shield)
rNeg     . . .     Faith    .   b - +0 scale mail
rPois    .         Spirit   +   (no helmet)
rElec    .         Reflect  .   (no cloak)
rCorr    .         Harm     .   (no gloves)
MR       .....                  (no boots)
Stlth    ..........             (no amulet)
HPRegen  0.05/turn              (no ring)
MPRegen  0.08/turn              (no ring)

@: no status effects
A: fangs 2, magic shield, antimagic bite, no potion heal 3, rot immunity
a: no special abilities


You were on level 1 of the Dungeon.
You were not hungry.

You visited 1 branch of the dungeon, and saw 1 of its levels.

You collected 18 gold pieces.

Inventory:

Hand Weapons
 a - a +0 flail (weapon)
Armour
 b - a +0 scale mail (worn)
 c - a +0 shield
Scrolls
 e - a scroll of teleportation {unknown}
 h - a scroll of blinking {unknown}
Potions
 d - a potion of might
Comestibles
 f - a bread ration
 g - 4 chunks of flesh


   Skills:
 - Level 2.6 Fighting
 + Level 2.9 Maces & Flails
 - Level 2.4 Armour
 - Level 2.6 Shields


You had one spell level left.
You didn't know any spells.

Dungeon Overview and Level Annotations

Branches:
Dungeon (1/15)

Altars:


Innate Abilities, Weirdness & Mutations

You have extremely sharp teeth.
When hurt, damage is shared between your health and your magic reserves.
Your bite disrupts and absorbs the magic of your enemies.
Potions cannot restore your health.
You are immune to rotting.


Message History

The leopard gecko bites you.
* * * LOW HITPOINT WARNING * * *
The jackal bites you but does no damage.
The leopard gecko bites you but does no damage.
The jackal barely misses you.
The jackal bites you but does no damage.
The leopard gecko misses you. The jackal bites you.
The leopard gecko hisses menacingly.
The jackal bites you but does no damage.
The leopard gecko bites you but does no damage.
The jackal bites you but does no damage.
You sock the jackal!
You kill the jackal!
The leopard gecko barely misses you.
You miss the leopard gecko. Your bite misses the leopard gecko.
The leopard gecko barely misses you.
You closely miss the leopard gecko. The leopard gecko closely misses you.
The leopard gecko bites you.
You die...

############ ### #..........# #..
. # #$.........# #.# .
..##..........# #.# .
..............### ##.# .
###...###.......####..#####...
#......†...###l.##..#......#
#......).....###@...#..##########
..............##..###.###........
...............##.....###........
........................#........
.................................
........$............>........###
.................................
#...............................
................#..


You could see a leopard gecko.

Vanquished Creatures
  A dart slug (D:1)
  A leopard gecko (D:1)
  A giant cockroach (D:1)
  2 hobgoblins (D:1)
  3 jackals (D:1)
  3 bats (D:1)
  A goblin (D:1)
  2 kobolds (D:1)
  A rat (D:1)
15 creatures vanquished.

Notes
Turn   | Place    | Note
-------+----------+-------------------------------------------
     0 | D:1      | Laiders the Vine Stalker Fighter began the quest for the Orb.
     0 | D:1      | Reached XP level 1. HP: 11/11 MP: 2/2
   294 | D:1      | Reached XP level 2. HP: 15/16 MP: 3/3
   399 | D:1      | Slain by a leopard gecko

Vault maps used:
D:1:      nicolae_arrival_memento_mori, hex_large, st_stairs_5

Skill      XL: |  1 |
---------------+----+-----
Maces & Flails | 2 |  2.9
Fighting       | |  2.6
Armour         | |  2.4
Shields        | |  2.6

Action                   || total
-------------------------++-------
Melee: Flail             ||    39
       Bite              ||     6
Armor: Scale mail        ||    60
Dodge: Dodged            ||    68

Table legend:
 A = Spawn XP
 B = Non-spawn XP
 C = Spawn XP percentage of total XP
 D = Spawn monster count
 E = Non-spawn monster count
 F = Spawn count percentage of total count
 G = Total turns spent on level
                    A         B        C        D         E        F      G
               +---------+---------+-------+---------+---------+-------+---------
         Total |       0 |      28 |   0.0 |       0 |      15 |   0.0 |   399
               +---------+---------+-------+---------+---------+-------+---------
           D:1 |       0 |      28 |   0.0 |       0 |      15 |   0.0 |   399
               +---------+---------+-------+---------+---------+-------+---------
